 Dungeon Crawl Stone Soup version 0.21.0-3-g78d12a8 (webtiles) character file.

364 Monsterracer the Skirmisher (level 6, -8/57 HPs)
             Began as a Minotaur Conjurer on Jan 16, 2018.
             Was a Believer of the Shining One.
             Mangled by an ogre
             ... wielding a +0 giant club
              (12 damage)
             ... on level 4 of the Dungeon.
             The game lasted 00:03:37 (3810 turns).

Monsterracer the Skirmisher (Minotaur Conjurer)     Turns: 3810, Time: 00:03:38

Health: -8/57      AC:  9    Str: 18    XL:     6   Next: 39%
Magic:  7/7        EV:  8    Int: 12    God:    the Shining One [**....]
Gold:   124        SH:  0    Dex: 11    Spells: 6/7 levels left

rFire    . . .     SeeInvis .   d - -2 quarterstaff (curse)
rCold    . . .     Gourm    .   (shield currently unavailable)
rNeg     + . .     Faith    .   B - +0 chain mail
rPois    +         Spirit   .   (helmet restricted)
rElec    .         Reflect  .   (no cloak)
rCorr    .         Harm     .   (no gloves)
MR       .....                  (no boots)
Stlth    ..........             (no amulet)
HPRegen  0.19/turn              h - +4 ring of strength
MPRegen  0.10/turn              l - ring of poison resistance {!d}

@: glowing
A: retaliatory headbutt, horns 2
a: Divine Shield, Renounce Religion


You were on level 4 of the Dungeon.
You worshipped the Shining One.
The Shining One was pleased with you.
You were hungry.

You visited 1 branch of the dungeon, and saw 4 of its levels.

You collected 124 gold pieces.

Inventory:

Hand Weapons
 d - a cursed -2 quarterstaff (weapon)
 C - a +0 hand axe
Armour
 f - a +0 ring mail of cold resistance
 B - a +0 chain mail (worn)
Jewellery
 h - a +4 ring of strength (left hand)
 l - a ring of poison resistance (right hand) {!d}
 r - an uncursed ring of flight
Wands
 x - a wand of polymorph (13)
 A - a wand of paralysis (13)
Scrolls
 i - 2 scrolls of amnesia {unknown}
 j - 2 scrolls of magic mapping {unknown}
 n - 2 scrolls of teleportation
 o - 2 scrolls of fog {unknown}
 q - 3 scrolls of remove curse
 t - a scroll of enchant armour {unknown}
 u - a scroll of random uselessness {unknown}
 y - 2 scrolls of immolation {unknown}
Potions
 a - a potion of heal wounds
 e - a potion of invisibility
 g - 3 potions of magic {unknown}
 k - a potion of might
 m - a potion of ambrosia {unknown}
 p - a potion of cancellation {unknown}
 s - 2 potions of degeneration {unknown}
 v - 2 potions of curing {unknown}
 w - a potion of mutation {unknown}
Books
 b - a book of Conjurations

   Spells                             Type                      Level
   a - Magic Dart                     Conjuration                  1
   b - Searing Ray                    Conjuration                  2
   c - Dazzling Spray                 Conjuration/Hexes            3
   d - Fulminant Prism                Conjuration/Hexes            4
   e - Force Lance                    Conjuration/Translocation    4
   f - Iskenderun's Mystic Blast      Conjuration                  4
Comestibles
 c - 6 rations


   Skills:
 - Level 6.2 Fighting
 + Level 2.3 Axes
 - Level 3.4 Armour
 - Level 2.1 Dodging
 - Level 1.5 Stealth
 - Level 1.3 Spellcasting
 - Level 2.9 Conjurations


You had 6 spell levels left.
You knew the following spells:

 Your Spells              Type           Power        Failure   Level  Hunger
a - Magic Dart            Conj           #...         73%         1    ##.....


Dungeon Overview and Level Annotations

Branches:
Dungeon (4/15)
 Temple: D:4-7

Altars:
Xom
The Shining One

Annotations:
D:2 Sigmund
D:4 Brandom's ghost, amateur FoSu; Purgy


Innate Abilities, Weirdness & Mutations

You reflexively headbutt those who attack you in melee.
You have a pair of horns on your head.


Message History

You start resting.
Eating a chunk of flesh.
You eat the chunk of flesh.
This raw flesh tastes terrible.
HP restored.
Health restored: 57 You see here a stone.
You see here a stone.
There is a stone staircase leading down here.
You climb downwards.
Level annotation: Brandom's ghost, amateur FoSu; Purgy
Found a rapier and a scale mail.
There is a stone staircase leading up here.
Found a hunting sling.
You see here a scale mail.
You see here a hunting sling.
You see here a scroll of remove curse. 3 orcs and an orc wizard come into view.
The orc shouts! x3; You hear a shout! x3
The orc hits you but does no damage.
The orc wizard gestures wildly while chanting.
The orc wizard seems to speed up.
Found a scroll of identify.
You see here a scroll of identify.
You closely miss the giant cockroach. The giant cockroach barely misses you.
You furiously retaliate!
You headbutt the giant cockroach.
You kill the giant cockroach!
An orc wizard comes into view. It is wielding a dagger.
The orc wizard shouts!
You thump the orc!
You kill the orc!
The orc wizard points at you and mumbles some strange words.
The magic dart hits you!
You can now call upon the Shining One for a divine shield.
An ogre comes into view. It is wielding a giant club.
An orc comes into view. It is wielding a club.
The orc shouts!
The orc wizard closely misses you. The orc wizard hits you with a dagger.
You take 1 damage, and have 56/57 hp.
You closely miss the orc wizard. Your headbutt misses the orc wizard.
The orc wizard hits you but does no damage.
The orc wizard barely misses you.
You hit the orc wizard but do no damage.
Your headbutt misses the orc wizard.
The orc wizard hits you but does no damage. x2
An orc comes into view. It is wielding an enchanted mace.
Health restored: 57 The orc shouts!
You sock the orc wizard!
The orc wizard is almost dead.
The orc wizard barely misses you. You furiously retaliate!
You headbutt the orc wizard!
You kill the orc wizard!
Your Axes skill increases to level 2!
You hit the orc but do no damage. Your headbutt misses the orc.
The orc hits you with a short sword.
The orc wizard mumbles some strange words.
The orc wizard seems to speed up.
An ooze comes into view.
You barely miss the orc.
The orc wizard mumbles some strange words.
The orc wizard blinks!
The orc hits you but does no damage.
You take 1 damage, and have 56/57 hp.
You hit the orc but do no damage. You headbutt the orc, but do no damage.
The orc hits you but does no damage. x2
Health restored: 57 You sock the orc!
You kill the orc!
The orc wizard casts a spell.
The orc wizard blinks!
You hit the orc. Your headbutt misses the orc.
The orc is almost dead.
The orc barely misses you. You furiously retaliate!
You headbutt the orc!
You kill the orc!
The ogre hits you with a giant club.
Found a stone staircase leading down.
Items here: ))) [ a hand axe; a short sword; a dagger; a robe You take 4 damage, and have 53/57 hp.
You hit the ogre. You headbutt the ogre.
The ogre is moderately wounded.
The ogre barely misses you. You furiously retaliate!
You headbutt the ogre.
The orc wizard casts a spell.
The orc wizard blinks!
You hit the ogre.
The ogre is heavily wounded.
The ogre hits you with a giant club!
You hit the ogre but do no damage.
The ogre is heavily wounded.
The ogre hits you with a giant club!
* * * LOW HITPOINT WARNING * * *
You take 30 damage, and have 23/57 hp.
MASSIVE DAMAGE!!
You hit the ogre. You headbutt the ogre.
The ogre is almost dead.
The ogre hits you with a giant club!!
* * * LOW HITPOINT WARNING * * *
You take 20 damage, and have 3/57 hp.
MASSIVE DAMAGE!!
You are feeling hungry.
You see here a scroll of identify.
You see here a scroll of remove curse.
The ogre hits you with a giant club!
You die...

#.# ###[# ####.#.# ## ..
#..).... #.. .. #.#..#.#
#.##. #.#....< #...
######### #.#.)..# #..#
........#########.######
#..# .......@?.........# #
#..##.###.......O###########
# §T..............)oo.oJ...>
#.#.#.## .##.....#####o##.
#.#.# #.##### ....# . #.
.####.... # ......#
.########


You could see an ogre and an orc.

Vanquished Creatures
  An orc wizard (D:4)
  An orc priest (D:4)
  Jessica (D:2)
  Natasha (thrice) (D:3)
  A worker ant (D:2)
  Robin (D:3)
  8 adders
  2 worms (D:2)
  A dart slug (D:1)
  2 leopard geckos (D:3)
  7 orcs
  2 giant cockroaches
  19 goblins
  9 hobgoblins
  12 kobolds
  A ball python (D:1)
  10 bats
  6 frilled lizards
  7 rats
94 creatures vanquished.

Notes
Turn   | Place    | Note
-------+----------+-------------------------------------------
     0 | D:1      | Monsterracer the Minotaur Conjurer began the quest for the Orb.
     0 | D:1      | Reached XP level 1. HP: 14/14 MP: 1/1
   106 | D:1      | Reached skill level 1 in Fighting
   208 | D:1      | Reached skill level 2 in Fighting
   366 | D:1      | HP: 8/17 [hobgoblin (3)]
   372 | D:1      | HP: 2/17 [hobgoblin (4)]
   374 | D:1      | Reached XP level 2. HP: 3/24 MP: 3/3
   888 | D:1      | Reached skill level 3 in Fighting
  1117 | D:1      | Reached XP level 3. HP: 24/31 MP: 4/4
  1752 | D:2      | Reached skill level 1 in Armour
  1862 | D:2      | HP: 16/33 [goblin/sling bullet (7)]
  2121 | D:2      | Reached skill level 4 in Fighting
  2144 | D:2      | Found a shimmering altar of Xom.
  2145 | D:2      | Reached XP level 4. HP: 35/40 MP: 5/5
  2298 | D:2      | Noticed Jessica
  2304 | D:2      | Killed Jessica
  2396 | D:2      | Noticed Sigmund
  2460 | D:3      | Found a faded altar of an unknown god.
  2478 | D:3      | Reached skill level 5 in Fighting
  2478 | D:3      | Reached XP level 5. HP: 37/48 MP: 6/6
  2486 | D:3      | Became a worshipper of the Shining One
  2486 | D:3      | Reached * piety under the Shining One
  2604 | D:3      | Noticed Natasha
  2612 | D:3      | Killed Natasha
  2809 | D:3      | Noticed Robin
  2850 | D:3      | Killed Robin
  3074 | D:3      | Noticed Natasha
  3081 | D:3      | Killed Natasha
  3081 | D:3      | Reached skill level 6 in Fighting
  3186 | D:3      | Noticed Natasha
  3192 | D:3      | Killed Natasha
  3192 | D:3      | Reached XP level 6. HP: 35/57 MP: 7/7
  3474 | D:4      | Reached skill level 1 in Axes
  3488 | D:4      | Noticed Brandom's ghost (amateur FoSu)
  3493 | D:4      | Noticed Purgy
  3505 | D:4      | HP: 28/57 [Brandom's ghost (4)]
  3793 | D:4      | Reached ** piety under the Shining One
  3805 | D:4      | HP: 23/57 [ogre/giant club (14)]
  3806 | D:4      | HP: 3/57 [ogre/giant club (20)]
  3810 | D:4      | Mangled by an ogre

Skill      XL: |  1  2  3  4  5  6 |
---------------+-------------------+-----
Fighting       | 2 3 4 5 6 |  6.2
Armour         | 1 2 3 |  3.4
Axes           | 2 |  2.3
Dodging        | |  2.1
Stealth        | |  1.5
Spellcasting   | |  1.3
Conjurations   | |  2.9

Action                   |  1- 3 |  4- 6 || total
-------------------------+-------+-------++-------
Melee: Dagger            |   129 |       ||   129
       Headbutt          |    17 |    22 ||    39
       Unarmed           |     3 |    14 ||    17
       Quarterstaff      |    14 |   119 ||   133
  Use: Scroll            |     2 |     2 ||     4
  Eat: Chunk             |     3 |     6 ||     9
Armor: Ring mail         |    50 |    44 ||    94
       Skin              |       |     1 ||     1
       Chain mail        |       |    30 ||    30
Dodge: Dodged            |    89 |    80 ||   169

Vault maps used:
D:1:      dpeg_arrival_radiant, hangedman_feature_mirror, minmay_close_crescents
D:2:      grunt_temple_overflow_open, tgw_xom, uniq_jessica, uniq_sigmund,
          uniq_crazy_yiuf_cottage
D:3:      chequers_ecumenical_altar_island, uniq_robin, uniq_natasha
D:4:      uniq_purgy
